 Dungeon Crawl Stone Soup version 0.30.0-29-ga12c61a403 (webtiles) character file.

Game seed: 11796708499642417874

9947 sweetbreads the Cleaver (level 11, -19/153 HPs)
             Began as a Minotaur Berserker on June 5, 2023.
             Was a High Priest of Trog.
             Demolished by Snorg (21 damage)
             ... on level 10 of the Dungeon.
             The game lasted 00:36:21 (11487 turns).

sweetbreads the Cleaver (Minotaur Berserker)       Turns: 11487, Time: 00:36:21

Health: -19/153    AC: 19    Str: 29      XL:     11   Next: 29%
Magic:  10/10      EV: 11    Int:  8 (10) God:    Trog [*****.]
Gold:   800        SH:  0    Dex:  6 (7)  Spells: 10/10 levels left

rFire   . . .        o - +9 hand axe of Zaceym {freeze, Str+4 Dex-4}
rCold   + . .        (no shield)
rNeg    + . .        c - +4 scale mail {rC+}
rPois   .            (helmet restricted)
rElec   .            (no cloak)
rCorr   .            L - +0 pair of gloves
SInv    +            F - +4 pair of boots of the Planets {rN+ SInv Stlth+}
Will    ++...        (no amulet) Stlth
                     y - ring of flight
HPRegen 1.45/turn    C - +6 ring of intelligence
MPRegen 0.12/turn

%: no passive effects
@: berserking, strong-willed, flying, regenerating, hasted, very quick
A: horns 2, retaliatory headbutt, deterioration 1
a: Renounce Religion, Berserk, Trog's Hand, Brothers in Arms


You were on level 10 of the Dungeon.
You worshipped Trog.
Trog was extremely pleased with you.
You visited 2 branches of the dungeon, and saw 11 of its levels.
You also visited: Bailey.

You collected 800 gold pieces.

Inventory:

Hand Weapons
 a - a +3 hand axe of venom
 d - a +2 short sword of venom
 g - a +4 antimagic battleaxe
 o - the +9 hand axe of Zaceym (weapon) {freeze, Str+4 Dex-4}
   (You found it on level 7 of the Dungeon)

   Str:       It affects your strength (+4).
   Dex:       It affects your dexterity (-4).
 r - a +1 vampiric spear
 E - a +5 flail of protection
Missiles
 i - 5 javelins
 S - 18 poisoned darts (quivered)
Armour
 c - a +4 scale mail of cold resistance (worn)
 l - a +0 troll leather armour
 q - a +2 robe of positive energy
 t - a +0 kite shield
 u - a +0 buckler
 A - a +2 robe of positive energy
 F - the +4 pair of boots of the Planets (worn) {rN+ SInv Stlth+}
   (You acquired it on level 7 of the Dungeon)

   rN:        It protects you from negative energy.
   SInv:      It lets you see invisible.
   Stlth:     It makes you more stealthy.
 L - a +0 pair of gloves (worn)
Jewellery
 b - a +6 ring of dexterity
 y - a ring of flight (left hand)
 C - a +6 ring of intelligence (right hand)
Wands
 w - a wand of flame (8)
 W - a wand of iceblast (13)
Scrolls
 e - 2 scrolls of enchant weapon
 f - 2 scrolls of blinking
 h - a scroll of identify
 k - 4 scrolls of teleportation
 m - 4 scrolls of poison
 p - 3 scrolls of vulnerability
 z - 2 scrolls of enchant armour
 B - a scroll of noise {unknown}
 H - a scroll of brand weapon {unknown}
 N - a scroll of fog {unknown}
 P - a scroll of butterflies {unknown}
 U - 2 scrolls of immolation {unknown}
Potions
 j - a potion of magic
 n - 3 potions of heal wounds
 s - 3 potions of haste
 M - a potion of degeneration {unknown}
 O - a potion of attraction {unknown}
 V - 3 potions of flight
 X - 5 potions of curing {unknown}


   Skills:
 + Level 11.3 Fighting
 + Level 14.7 Axes
 * Level 8.5 Armour
 * Level 7.5 Dodging
 * Level 1.0 Shields


You had 10 spell levels left.
You didn't know any spells.
Your spell library was empty.

Dungeon Overview and Level Annotations

Branches:
Dungeon (10/15)            Temple (1/1) D:6          Bailey (visited)
   Lair: D:8-11         Orc: D:9-12

Altars:
Ashenzari
Cheibriados
Dithmenos
Elyvilon
Fedhas
Gozag
Hepliaklqana
Kikubaaqudgha
Makhleb
Nemelex Xobeh
Okawaru
Qazlal
Ru
Sif Muna
Trog
Uskayaw
Vehumet
Wu Jian
Xom
Yredelemnul
Zin
The Shining One

Shops:
D:4 [   D:9 [

Annotations:
D:8 1 runed translucent door, BleedingAnus's ghost, novice MiMo
D:10 Snorg


Innate Abilities, Weirdness & Mutations

You have a pair of horns on your head.
You reflexively headbutt those who attack you in melee.
Your body sometimes deteriorates upon taking damage.


Message History

Your body deteriorates!
You feel dopey. Snorg claws you but does no damage. Snorg barely misses you.
You slash Snorg! You freeze Snorg. Your headbutt misses Snorg.
Snorg is moderately wounded.
Snorg barely misses you. Snorg misses you. Snorg closely misses you.
You hit Snorg. You freeze Snorg.
Snorg is moderately wounded.
Snorg bites you! Snorg claws you but does no damage. Snorg misses you.
Your skin crawls.
You feel strong-willed. Snorg bites you but does no damage.
Snorg claws you but does no damage. Snorg claws you! Snorg bites you!!
Your body deteriorates!
You feel clumsy. Snorg claws you but does no damage.
Snorg completely misses you.
You barely miss Snorg.
Snorg is moderately wounded.
Snorg bites you!
* * * LOW HITPOINT WARNING * * *
Snorg claws you.
* * * LOW HITPOINT WARNING * * *
Snorg claws you.
* * * LOW HITPOINT WARNING * * *
You feel much better. Snorg completely misses you. You furiously retaliate!
You headbutt Snorg! Snorg claws you!
* * * LOW HITPOINT WARNING * * *
Snorg claws you.
* * * LOW HITPOINT WARNING * * *
Unknown command.
You feel yourself speed up. Snorg bites you.
* * * LOW HITPOINT WARNING * * *
Snorg barely misses you. Snorg claws you.
* * * LOW HITPOINT WARNING * * *
Snorg bites you!!
* * * LOW HITPOINT WARNING * * *
Snorg barely misses you. Snorg claws you but does no damage.
Unknown command.
Okay, then.
A red film seems to cover your vision as you go berserk!
You feel yourself moving faster!
You feel mighty! Snorg bites you!!
You die...

......'........#
._.#..#........#
......#####....#
...#......#(...#######
...#.....('..........#
...#.####.#..........#
...#......#..........#
...#......#..........#
...#......######@#####
...#............T.....#
...#..................#
...#..................#
####....................
......>.................
###.....#<.........(....
#....>.........####...
#..............


You could see Snorg (berserk).

Vanquished Creatures
  Josephine (D:10)
  4 two-headed ogres
  An orc high priest (Bailey)
  An orc knight (Bailey)
  Maggie (D:6)
  Psyche (D:8)
  A kobold demonologist (Bailey)
  A troll (D:10)
  3 wraiths (D:10)
  A wyvern (D:10)
  Eustachio (D:6)
  A steam dragon (D:9)
  Menkaure (D:6)
  Edmund (D:5)
  A water moccasin (D:5)
  A black bear (D:7)
  8 orc warriors
  An ice beast (D:6)
  The ghost of superbruh the Covered, an amateur AtFi of Uskayaw (D:3)
  A centaur (D:8)
  2 phantoms
  Blork the orc (D:6)
  2 gnoll sergeants
  2 kobold brigands (D:9)
  6 bullfrogs
  4 scorpions
  3 killer bees (D:10)
  4 howler monkeys
  3 electric eels (Bailey)
  3 quasits (D:3)
  3 jellies
  6 orc priests
  2 hounds
  2 sleepcaps
  2 iguanas
  7 orc wizards
  21 gnolls
  8 adders
  2 shadow imps
  2 white imps (D:5)
  An ufetubus (D:7)
  2 worms
  A dart slug (D:3)
  37 orcs
  9 endoplasms
  3 giant cockroaches
  13 goblins
  15 hobgoblins
  A quokka (D:3)
  8 ball pythons
  3 bats
  A frilled lizard (D:2)
  16 kobolds
  7 rats
234 creatures vanquished.

Notes
Turn   | Place    | Note
-------+----------+-------------------------------------------
     0 | D:1      | sweetbreads the Minotaur Berserker began the quest for the
                  | Orb.
     0 | D:1      | Reached XP level 1. HP: 19/19 MP: 0/0
   160 | D:2      | Reached skill level 4 in Axes
   160 | D:2      | Reached XP level 2. HP: 15/27 MP: 1/1
   925 | D:3      | Found a transporter.
   936 | D:3      | Reached XP level 3. HP: 34/34 MP: 2/2
   941 | D:3      | Noticed superbruh's ghost (amateur AtFi)
   943 | D:3      | Noticed a scorpion
  1045 | D:2      | Reached ** piety under Trog
  1249 | D:3      | Reached XP level 4. HP: 41/41 MP: 3/3
  1707 | D:3      | Reached skill level 5 in Axes
  1917 | D:3      | Found a transporter.
  2097 | D:4      | Reached skill level 5 in Fighting
  2128 | D:3      | Killed a scorpion
  2129 | D:3      | Reached XP level 5. HP: 29/48 MP: 4/4
  2497 | D:3      | Found a shimmering altar of Xom.
  2985 | D:4      | Reached XP level 6. HP: 56/56 MP: 5/5
  3000 | D:4      | Reached skill level 6 in Axes
  3024 | D:4      | Found a blossoming altar of Fedhas.
  3146 | D:4      | Found a hide-covered altar of Uskayaw.
  3174 | D:5      | Entered Level 5 of the Dungeon
  3379 | D:4      | Found Wada's Dragon-Slaying Spoils.
  3741 | D:5      | Reached *** piety under Trog
  3748 | D:6      | Found a staircase to the Ecumenical Temple.
  3755 | D:6      | Noticed Blork the orc
  3765 | D:6      | Killed Blork the orc
  3766 | D:6      | Reached skill level 7 in Axes
  3766 | D:6      | Reached XP level 7. HP: 39/62 MP: 6/6
  3929 | D:5      | Found a shimmering blue altar of Sif Muna.
  4288 | D:5      | Noticed Edmund
  4372 | D:5      | Reached skill level 8 in Axes
  4815 | D:5      | Gained mutation: You expend magic power (3 MP) to
                  | strengthen your wands. [potion of mutation]
  4815 | D:5      | Gained mutation: Your body sometimes deteriorates upon
                  | taking damage. [potion of mutation]
  4815 | D:5      | Lost mutation: You expend magic power (3 MP) to strengthen
                  | your wands. [potion of mutation]
  4818 | D:5      | Reached skill level 9 in Axes
  4818 | D:5      | Reached XP level 8. HP: 33/71 MP: 7/7
  5003 | D:6      | Noticed Eustachio
  5018 | D:6      | Killed Eustachio
  5252 | D:5      | Killed Edmund
  5568 | D:6      | Reached skill level 10 in Axes
  5714 | D:7      | Found a flagged portal.
  5721 | D:7      | Identified the +9 hand axe of Zaceym {freeze, Str+4 Dex-4}
  5728 | Bailey   | Entered a bailey
  6056 | Bailey   | Noticed an orc high priest
  6144 | Bailey   | Reached **** piety under Trog
  6405 | Bailey   | Reached skill level 11 in Axes
  6533 | Bailey   | Reached XP level 9. HP: 70/82 MP: 8/8
  6648 | Bailey   | Found an iron altar of Okawaru.
  6651 | Bailey   | Noticed an orc knight
  6676 | Bailey   | Noticed a kobold demonologist
  6827 | Bailey   | Killed a kobold demonologist
  6828 | Bailey   | Reached skill level 12 in Axes
  7023 | Bailey   | Killed an orc knight
  7122 | Bailey   | Noticed an ice devil
  7268 | Bailey   | Noticed a red devil
  7271 | Bailey   | Killed an orc high priest
  7272 | Bailey   | Reached skill level 5 in Armour
  7272 | Bailey   | Reached skill level 5 in Dodging
  7662 | D:8      | Noticed Psyche
  7712 | D:7      | Acquired the +4 pair of boots of the Planets {rN+ SInv
                  | Stlth+}
  7844 | D:7      | Reached skill level 13 in Axes
  8056 | D:8      | Reached skill level 10 in Fighting
  8260 | D:9      | Reached XP level 10. HP: 93/93 MP: 9/9
  8266 | D:9      | Found Cetifasch's Armour Shop.
  8324 | D:8      | Killed Psyche
  8631 | D:8      | Found an ancient bone altar of Kikubaaqudgha.
  8706 | D:8      | Noticed BleedingAnus's ghost (novice MiMo)
  8713 | D:8      | Found a runed translucent door.
  9162 | D:6      | Noticed Maggie
  9168 | D:6      | Killed Maggie
  9287 | D:6      | Noticed Menkaure
  9295 | D:6      | Killed Menkaure
  9295 | D:6      | Reached ***** piety under Trog
  9717 | Temple   | Entered the Ecumenical Temple
  9850 | D:3      | Killed superbruh's ghost
 10097 | D:9      | Noticed a two-headed ogre
 10106 | D:9      | Killed a two-headed ogre
 10217 | D:9      | Noticed a two-headed ogre
 10223 | D:9      | Killed a two-headed ogre
 10224 | D:9      | Reached skill level 14 in Axes
 10240 | D:9      | Received a gift from Trog
 10309 | D:10     | Entered Level 10 of the Dungeon
 10635 | D:10     | Noticed a two-headed ogre
 10644 | D:10     | Killed a two-headed ogre
 10679 | D:10     | Found a shadowy altar of Dithmenos.
 10683 | D:10     | Found a burning altar of Makhleb.
 10898 | D:10     | Reached XP level 11. HP: 87/102 MP: 10/10
 11050 | D:10     | Noticed Josephine
 11060 | D:10     | Killed Josephine
 11352 | D:10     | Noticed a two-headed ogre
 11359 | D:10     | Killed a two-headed ogre
 11360 | D:10     | Reached skill level 1 in Shields
 11475 | D:10     | Noticed Snorg
 11486 | D:10     | HP: 1/102 [Snorg (18)]
 11487 | D:10     | Demolished by Snorg

Illustrated notes

Levels and vault maps discovered:
D:1:      heliophobic_arrival_enchanted_forest, layout_basic, minmay_tall_x
D:2:      layout_loops_ring, grunt_ministairs_2
D:3:      minmay_evil_eye, layout_basic, xom_teletrap_fun,
          gammafunk_ghost_stat_death, minmay_statues_item, nicolae_half_adder
D:4:      layout_basic, lemuel_crystal_altar, fedhas_ov_isle_minmay,
          nicolae_shop_dragon_depot
D:5:      layout_loops_cross, led_sif_book, uniq_edmund
D:6:      layout_loops_ring, minmay_temple_entry_large_hall, uniq_blork_the_orc,
          uniq_maggie, uniq_menkaure, uniq_eustachio
D:7:      layout_rooms, enter_bailey_2, nicolae_sextant
D:8:      layout_basic, mainiacjoe_overflow_brackets, hellmonk_ghost_big_iron,
          uniq_psyche
D:9:      layout_roguey, serial_shops, shop,
          hangedman_abyss_or_decor_lesser_grid
D:10:     layout_stronghold, grunt_temple_overflow_open, uniq_snorg,
          uniq_josephine
Temple:   minmay_freezing_vapour_temple

Skill      XL: |  1  2  3  4  5  6  7  8  9 10 11 |
---------------+----------------------------------+-----
Fighting       | 4 5 6 8 10 11 | 11.3
Axes           | 4 5 7 9 11 13 14 | 14.7
Armour         | 3 4 5 7 8 |  8.5
Dodging        | 3 4 5 7 |  7.5
Shields        | 1 |  1.0

Action                     |  1- 3 |  4- 6 |  7- 9 | 10-12 || total
---------------------------+-------+-------+-------+-------++-------
  Melee: Hand axe          |    72 |   114 |   213 |   186 ||   585
         Headbutt          |     8 |    17 |    31 |    32 ||    88
         Punch             |     1 |     1 |     4 |     2 ||     8
         Unarmed           |       |       |       |    16 ||    16
  Throw: Javelin           |       |     3 |     2 |       ||     5
         Dart              |       |       |       |     2 ||     2
 Invoke: Berserk           |       |       |       |     1 ||     1
         Trog's Hand       |       |       |       |     1 ||     1
    Use: Potion            |       |       |     2 |     2 ||     4
         Scroll            |       |       |    11 |     2 ||    13
 Armour: Animal skin       |    10 |       |       |       ||    10
         Ring mail         |     2 |    24 |       |       ||    26
         Robe              |       |       |    18 |     1 ||    19
         Scale mail        |       |       |       |    62 ||    62
  Dodge: Dodged            |    30 |    51 |    67 |    83 ||   231
